 Dungeon Crawl Stone Soup version 0.22-a0-348-gd16d139 (webtiles) character file.

10548 BaronVonScrub the Cleaver (level 11, -2/79 HPs)
             Began as a Demonspawn Berserker on Apr 7, 2018.
             Was an Elder of Trog.
             Slain by Ryco's ghost (12 damage)
             ... on level 11 of the Dungeon.
             The game lasted 00:49:02 (10630 turns).

BaronVonScrub the Cleaver (Demonspawn Berserker)   Turns: 10630, Time: 00:49:03

Health: -2/79      AC: 22    Str: 25 (26) XL:     11   Next: 37%
Magic:  11/11      EV:  2    Int:  7 (8)  God:    Trog [****..]
Gold:   101        SH: 10    Dex: 10 (12) Spells: 10/10 levels left

rFire    . . .     SeeInvis .   F - +0 war axe (elec)
rCold    . . .     Gourm    .   A - +0 shield (curse)
rNeg     + . .     Faith    +   z - +0 crystal plate armour
rPois    .         Spirit   .   (helmet restricted)
rElec    .         Reflect  .   (no cloak)
rCorr    .         Harm     .   v - +0 pair of gloves
MR       .....                  r - +1 pair of boots of the Original Sin {Str+4}
Stlth    ..........             o - amulet of faith
HPRegen  0.23/turn              t - ring of positive energy
MPRegen  0.12/turn              (no ring)

@: berserk cooldown, slowed, very heavily drained, very slow
A: horns 1, slimy green scales 2, nightstalker 2, spiny 1
a: Berserk, Trog's Hand, Brothers in Arms, Renounce Religion


You were on level 11 of the Dungeon.
You worshipped Trog.
Trog was greatly pleased with you.
You were near starving.

You visited 1 branch of the dungeon, and saw 11 of its levels.

You collected 591 gold pieces.
You spent 490 gold pieces at shops.

Inventory:

Hand Weapons
 a - a +1 hand axe
 p - a +0 hand axe
 w - a +0 war axe
 F - a +0 war axe of electrocution (weapon)
Armour
 b - a +0 animal skin
 f - a +0 chain mail
 i - a +0 scale mail
 r - the +1 pair of boots of the Original Sin (worn) {Str+4}
   (You found it on level 7 of the Dungeon)

   It affects your strength (+4).
 v - a +0 pair of gloves (worn)
 z - a +0 crystal plate armour (worn)
 A - a cursed +0 shield (worn)
 E - +0 fire dragon scales
Jewellery
 o - an amulet of faith (around neck)
 s - an uncursed amulet of guardian spirit
 t - a ring of positive energy (left hand)
Wands
 k - a wand of flame (88)
 m - a wand of enslavement (26)
 y - a wand of disintegration (10)
 H - a wand of iceblast (9)
Scrolls
 e - 3 scrolls of blinking
 g - a scroll of random uselessness
 j - 8 scrolls of identify
 n - 4 scrolls of teleportation
 q - 2 scrolls of remove curse
 B - a scroll of fear
 C - 2 scrolls of torment
 D - a scroll of immolation {unknown}
Potions
 d - a potion of magic
 h - 3 potions of might
 u - 2 potions of flight
 x - a potion of cancellation
 G - 2 potions of haste
Comestibles
 c - 12 rations


   Skills:
 - Level 5.1(2.0) Fighting
 + Level 12.5(8.8) Axes
 - Level 6.2(3.0) Armour
 - Level 3.4(0.4) Dodging
 * Level 7.5(4.2) Shields


You had 10 spell levels left.
You didn't know any spells.

Dungeon Overview and Level Annotations

Branches:
Dungeon (11/15)            Temple (0/1) D:6            Lair (0/6) D:10
    Orc: D:9-12

Altars:
Ashenzari
Dithmenos
Kikubaaqudgha
Nemelex Xobeh
Qazlal
Sif Muna

Shops:
D:4 :

Annotations:
D:11 Ryco's ghost, journeyman MiBe


Innate Abilities, Weirdness & Mutations

You have a pair of small horns on your head.
You are mostly covered in slimy green scales. (AC +3)
You are significantly more attuned to the shadows.
You are partially covered in sharp spines.


Message History

You feel the effects of Trog's Hand fading.
You are near starving!
You block Ryco's ghost's attack.
You feel better. Ryco's ghost is struck by your spines.
Ryco's ghost hits you but does no damage.
You partially resist.
You feel drained. Ryco's ghost hits you!
* * * LOW HITPOINT WARNING * * *
You partially resist.
You feel drained.
You feel better. Ryco's ghost hits you. You partially resist.
You feel drained.
Your crystal plate armour prevents you from hitting Ryco's ghost.
Ryco's ghost is severely damaged.
Your skin stops crawling.
You feel less resistant to hostile enchantments.
Ryco's ghost is struck by your spines. Ryco's ghost hits you!
* * * LOW HITPOINT WARNING * * *
You partially resist.
You feel drained. You block Ryco's ghost's attack.
You hit Ryco's ghost but do no damage.
Ryco's ghost is severely damaged.
Ryco's ghost hits you!
You die...

#####'###
#.......#
#.......# ......#
#.......#
......####.......#
......##.'.......#
......##.#<......#
.....)##.#.......#
....))@..#.......#
....)W####.......#
......# #.......#
..##### #########
#


You could see Ryco's ghost.

Vanquished Creatures
  2 two-headed ogres
  The ghost of BaronVonScrub the Cleaver, a novice OpMo of Ru (D:9)
  An unseen horror (D:10)
  2 deep elf magi (D:10)
  The ghost of BaronVonScrub the Reanimator, a novice DsNe of Dithmenos (D:5)
  A troll (D:10)
  A hippogriff (D:7)
  7 yaks
  4 hogs (D:7)
  A human (D:7)
  Grum (D:11)
  Duvessa (D:5)
  A swamp drake (D:10)
  A phantom (D:8)
  6 orc warriors
  4 ice beasts
  2 sky beasts
  An eye of draining (D:8)
  4 wolves (D:11)
  3 centaurs
  2 ogres
  The ghost of BaronVonScrub the Skirmisher, an amateur GrMo (D:3)
  2 bullfrogs
  Dowan (D:5)
  3 scorpions
  6 killer bees (D:9)
  4 electric eels (D:10)
  7 wights
  4 howler monkeys
  5 crimson imps
  A bullfrog zombie (D:9)
  A centaur skeleton (D:7)
  An iron imp (D:10)
  4 hounds
  4 orc priests
  2 iguanas (D:6)
  A jelly (D:5)
  10 orc wizards
  A bullfrog skeleton (D:5)
  7 worker ants
  A hound zombie (D:5)
  4 gnolls (D:8)
  A worker ant zombie (D:5)
  7 adders
  2 shadow imps
  A white imp (D:10)
  An ooze (D:3)
  An adder skeleton (D:5)
  A worm (D:2)
  A dart slug (D:4)
  5 leopard geckos
  41 orcs
  9 bats
  5 giant cockroaches
  6 hobgoblins
  11 jackals
  A ball python skeleton (D:5)
  2 frilled lizards
  8 goblins
  4 kobolds
  A leopard gecko zombie (D:5)
  A quokka skeleton (D:6)
  6 rats
  2 plants (D:8)
234 creatures vanquished.

Vanquished Creatures (collateral kills)
  2 yaks (D:10)
  A big kobold (D:9)
  An orc wizard (D:10)
  2 orcs (D:10)
  2 kobolds (D:9)
8 creatures vanquished.

Grand Total: 242 creatures vanquished

Notes
Turn   | Place    | Note
-------+----------+-------------------------------------------
     0 | D:1      | BaronVonScrub the Demonspawn Berserker began the quest for the Orb.
     0 | D:1      | Reached XP level 1. HP: 18/18 MP: 1/1
   104 | D:1      | You fall through a shaft!
   106 | D:2      | Reached skill level 3 in Axes
   106 | D:2      | Gained mutation: You are partially covered in slimy green scales. (AC +2) [demonic ancestry]
   106 | D:2      | Reached XP level 2. HP: 21/24 MP: 2/2
   413 | D:2      | Gained mutation: You are partially covered in sharp spines. [demonic ancestry]
   413 | D:2      | Reached XP level 3. HP: 15/29 MP: 3/3
   883 | D:2      | Reached ** piety under Trog
  1210 | D:3      | Noticed BaronVonScrub's ghost (amateur GrMo)
  1224 | D:3      | Killed BaronVonScrub's ghost
  1224 | D:3      | Reached skill level 4 in Axes
  1224 | D:3      | Gained mutation: You have a pair of small horns on your head. [demonic ancestry]
  1224 | D:3      | Reached XP level 4. HP: 18/35 MP: 4/4
  1321 | D:3      | Reached XP level 5. HP: 30/41 MP: 5/5
  1344 | D:3      | Noticed a centaur
  1355 | D:3      | Killed a centaur
  1601 | D:3      | HP: 2/41 [poisoned by an orc]
  1942 | D:3      | Found a stormy altar of Qazlal.
  2589 | D:4      | Reached XP level 6. HP: 25/47 MP: 6/6
  3008 | D:4      | Reached skill level 5 in Axes
  3198 | D:4      | Found a deep blue altar of Sif Muna.
  3198 | D:4      | Found an ancient bone altar of Kikubaaqudgha.
  3199 | D:4      | Found a sparkling altar of Nemelex Xobeh.
  3322 | D:4      | Found Sutsaplib's Book Boutique.
  3491 | D:5      | Entered Level 5 of the Dungeon
  3856 | D:5      | Reached *** piety under Trog
  3873 | D:5      | Noticed BaronVonScrub's ghost (novice DsNe)
  3883 | D:5      | Noticed Duvessa
  3887 | D:5      | Killed BaronVonScrub's ghost
  3887 | D:5      | Reached skill level 6 in Axes
  3887 | D:5      | Gained mutation: You are slightly more attuned to the shadows. [demonic ancestry]
  3887 | D:5      | Reached XP level 7. HP: 54/54 MP: 7/7
  3895 | D:5      | Killed Duvessa
  3897 | D:5      | Gained mutation: You are significantly more attuned to the shadows. [demonic ancestry]
  3897 | D:5      | Reached XP level 8. HP: 50/61 MP: 8/8
  3966 | D:5      | Noticed Dowan
  3980 | D:5      | Killed Dowan
  3993 | D:5      | Found a shadowy altar of Dithmenos.
  4741 | D:6      | Reached skill level 7 in Axes
  4764 | D:6      | Reached skill level 5 in Fighting
  5084 | D:6      | Reached skill level 5 in Armour
  5192 | D:6      | Found a staircase to the Ecumenical Temple.
  5495 | D:7      | Got a pair of spiked boots
  5501 | D:7      | Identified the +1 pair of boots of the Original Sin {Str+4} (You found it on level 7 of the Dungeon)
  5555 | D:7      | Reached skill level 8 in Axes
  5751 | D:7      | Reached XP level 9. HP: 68/68 MP: 9/9
  5895 | D:7      | Reached skill level 9 in Axes
  6009 | D:7      | Reached skill level 1 in Shields
  6704 | D:8      | Reached skill level 10 in Axes
  6921 | D:8      | Reached **** piety under Trog
  6986 | D:8      | Noticed a two-headed ogre
  6996 | D:8      | Killed a two-headed ogre
  6996 | D:8      | Reached XP level 10. HP: 74/74 MP: 10/10
  7621 | D:9      | Noticed BaronVonScrub's ghost (novice OpMo)
  7638 | D:9      | Killed BaronVonScrub's ghost
  7638 | D:9      | Reached skill level 11 in Axes
  7899 | D:4      | Bought a book of Air for 490 gold pieces
  8428 | D:9      | Found a shattered altar of Ashenzari.
  8480 | D:9      | Reached skill level 5 in Shields
  9180 | D:9      | Noticed a two-headed ogre
  9189 | D:9      | Killed a two-headed ogre
  9236 | D:10     | Entered Level 10 of the Dungeon
  9353 | D:10     | Reached skill level 12 in Axes
  9356 | D:10     | Gained mutation: You are mostly covered in slimy green scales. (AC +3) [demonic ancestry]
  9356 | D:10     | Reached XP level 11. HP: 79/79 MP: 11/11
  9627 | D:10     | Noticed a deep elf mage
  9636 | D:10     | Killed a deep elf mage
  9682 | D:10     | Noticed a deep elf mage
  9688 | D:10     | Killed a deep elf mage
  9735 | D:10     | Found a staircase to the Lair.
 10026 | D:10     | Killed an unseen horror
 10595 | D:11     | Noticed Grum
 10599 | D:11     | Noticed Ryco's ghost (journeyman MiBe)
 10621 | D:11     | Killed Grum
 10623 | D:11     | HP: 2/79 [Ryco's ghost (11)]
 10630 | D:11     | Slain by Ryco's ghost

Vault maps used:
D:1:      moated_graveyard_arrival
D:3:      lemuel_round_altar, first_ration
D:4:      gammafunk_temple_overflow_claw, serial_forest,
          infiniplex_forest_lined_room_3, infiniplex_forest_corner_1,
          infiniplex_forest_zigzag_2, infiniplex_forest_end_2,
          infiniplex_forest_clump_cross, infiniplex_forest_pool,
          infiniplex_forest_lined_3_way, infiniplex_forest_zigzag_1,
          infiniplex_forest_clump_tiny, infiniplex_forest_end_double,
          serial_shops, nicolae_shop_temple_entry_statues_fountains
D:5:      grunt_dithmenos_smoke_and_mirrors, uniq_duvessa
D:6:      minmay_temple_entry_statues_pillars
D:7:      grunt_livestock, minmay_strange_pillars
D:8:      kennysheep_nub, nicolae_zen_rock_garden
D:9:      ashenzari_altar_1, nicolae_overflow_hidden_temple
D:10:     lair_entry_dummy, hangedman_minor_magic
D:11:     uniq_grum

Skill      XL: |  1  2  3  4  5  6  7  8  9 10 11 |
---------------+----------------------------------+-----
Axes           | 3 4 6 8 10 12 | 12.5
Dodging        | 2 3 |  3.4
Armour         | 2 3 4 5 6 |  6.2
Fighting       | 4 5 |  5.1
Shields        | 3 6 7 |  7.5

Action                   |  1- 3 |  4- 6 |  7- 9 | 10-12 || total
-------------------------+-------+-------+-------+-------++-------
Melee: Hand axe          |    85 |   119 |   239 |    99 ||   542
       Headbutt          |       |    27 |    73 |    45 ||   145
       War axe           |       |       |       |   157 ||   157
Invok: Berserk           |     2 |     1 |     6 |     8 ||    17
       Trog's Hand       |       |     1 |     7 |     8 ||    16
       Brothers in Arms  |       |       |     1 |     4 ||     5
  Use: Scroll            |     4 |     3 |     1 |     1 ||     9
       Potion            |     2 |     1 |     3 |     7 ||    13
 Stab: Sleeping          |     1 |       |       |       ||     1
       Distracted        |       |       |       |     1 ||     1
  Eat: Chunk             |     2 |     9 |     7 |    11 ||    29
       Ration            |       |       |     3 |     4 ||     7
Armor: Animal skin       |     8 |       |       |       ||     8
       Chain mail        |    40 |    52 |    74 |       ||   166
       Crystal plate arm |       |       |     8 |   173 ||   181
Dodge: Dodged            |    44 |    45 |    61 |    37 ||   187
Block: Shield            |       |       |    36 |   104 ||   140

Table legend:
 A = Spawn XP
 B = Non-spawn XP
 C = Spawn XP percentage of total XP
 D = Spawn monster count
 E = Non-spawn monster count
 F = Spawn count percentage of total count
 G = Total turns spent on level
                    A         B        C        D         E        F      G
               +---------+---------+-------+---------+---------+-------+---------
         Total |       0 |   15069 |   0.0 |       0 |     240 |   0.0 | 10630
               +---------+---------+-------+---------+---------+-------+---------
           D:1 |       0 |      10 |   0.0 |       0 |       8 |   0.0 |   104
           D:2 |       0 |      67 |   0.0 |       0 |      24 |   0.0 |  1001
           D:3 |       0 |     272 |   0.0 |       0 |      23 |   0.0 |  1394
           D:4 |       0 |      96 |   0.0 |       0 |      12 |   0.0 |  1024
           D:5 |       0 |    1166 |   0.0 |       0 |      24 |   0.0 |  1163
           D:6 |       0 |     432 |   0.0 |       0 |      18 |   0.0 |   856
           D:7 |       0 |    2083 |   0.0 |       0 |      24 |   0.0 |  1186
           D:8 |       0 |    2488 |   0.0 |       0 |      24 |   0.0 |  1216
           D:9 |       0 |    3378 |   0.0 |       0 |      34 |   0.0 |  1292
          D:10 |       0 |    4191 |   0.0 |       0 |      39 |   0.0 |  1321
          D:11 |       0 |     886 |   0.0 |       0 |      10 |   0.0 |    73
               +---------+---------+-------+---------+---------+-------+---------
